 Dungeon Crawl Stone Soup version 0.32-a0-520-g344ed53f66 (webtiles) character file.

Game seed: 11672254011023308698

12972 dialectric the Basher (level 11, 0/153 HPs)
             Began as a Minotaur Fighter on Feb 27, 2024.
             Slain by a cane toad (5 damage)
             ... on level 1 of the Lair of Beasts.
             The game lasted 00:14:06 (10873 turns).

dialectric the Basher (Minotaur Fighter)           Turns: 10873, Time: 00:14:06

Health: 0/153      AC: 25    Str: 22    XL:     11   Next: 69%
Magic:  10/10      EV:  2    Int:  5    God:
Gold:   889        SH:  0    Dex: 13    Spells: 10/10 levels left

rFire   . . .        Q - +3 whip (protect)
rCold   . . .        (no shield)
rNeg    . . .        u - melded +2 leather armour of the Histrionic God {Dex+3}
rPois   +            (helmet currently unavailable)
rElec   .            j - melded +0 cloak {rPois}
rCorr   .            (gloves currently unavailable)
SInv    +            t - melded +1 pair of boots
Will    .....        z - amulet of regeneration
Stlth   +            l - ring of see invisible
HPRegen 1.25/turn    s - ring of poison resistance
MPRegen 0.12/turn

%: no passive effects
@: lethally poisoned (0 -> -3), tree-form
A: stationary, stasis, torment immunity, boosted hp, (horns 2), (retaliatory
headbutt)
a: no special abilities


You were on level 1 of the Lair of Beasts.
You were a tree.
You visited 3 branches of the dungeon, and saw 14 of its levels.

You collected 1059 gold pieces.
You spent 170 gold pieces at shops.

Inventory:

Hand Weapons
 a - a +0 flail
 d - a +2 heavy flail
 w - a +4 scimitar of flaming
 H - a +1 whip of draining
 Q - a +3 whip of protection (weapon)
Missiles
 i - 13 poisoned darts (quivered)
 n - 7 throwing nets
 N - a curare-tipped dart
Armour
 c - a +0 buckler
 j - a +0 cloak of poison resistance (melded)
 t - a +1 pair of boots (melded)
 u - the +2 leather armour of the Histrionic God (melded) {Dex+3}
   (You found it on level 3 of the Dungeon)

   Dex+3:     It affects your dexterity (+3).
Jewellery
 l - a ring of see invisible (left branch)
 s - a ring of poison resistance (right branch)
 y - the ring of Res Nullius {Will+ Int-5 Dex+8 SInv Stlth-}
   (You found it on level 5 of the Dungeon)

   [ring of see invisible]

   Int-5:     It affects your intelligence (-5).
   Dex+8:     It affects your dexterity (+8).
   Will+:     It increases your willpower.
   SInv:      It lets you see invisible.
   Stlth-:    It makes you less stealthy.
 z - an amulet of regeneration (around neck)
 P - a ring of protection from cold
Wands
 b - a wand of charming (4)
 e - a wand of acid (4)
 B - a wand of warping (12)
 C - a wand of mindburst (4)
 L - a wand of flame (24)
 M - a wand of digging (7)
 R - a wand of polymorph (6)
Scrolls
 f - 5 scrolls of revelation
 g - a scroll of noise
 k - 3 scrolls of poison
 m - a scroll of fear
 o - 2 scrolls of immolation
 q - 3 scrolls of teleportation
 v - 3 scrolls of vulnerability
 x - a scroll of brand weapon
 A - a scroll of enchant weapon
 D - a scroll of silence {unknown}
 G - a scroll of amnesia
 I - a scroll of enchant armour {unknown}
 K - 2 scrolls of fog
 S - a scroll of summoning {unknown}
Potions
 h - a potion of attraction
 E - a potion of ambrosia
 F - 2 potions of curing
 J - a potion of haste
 O - a potion of magic
 T - a potion of resistance


   Skills:
 + Level 11.3 Fighting
 * Level 14.4 Maces & Flails
 + Level 11.3 Armour
 - Level 7.2 Dodging
 - Level 5.0 Shields


You had 10 spell levels left.
You didn't know any spells.
Your spell library contained the following spells:

 Spells                   Type           Power      Damage    Failure   Level
 Necrotise                Necr           0%         1d4       47%         1
 Sandblast                Erth           0%         2d4       47%         1
 Cigotuvi's Dreadful Rot  Necr/Alch/Air  0%         N/A       63%         2
 Lesser Beckoning         Tloc           0%         N/A       63%         2
 Gell's Gravitas          Tloc           0%         N/A       85%         3
 Passwall                 Erth           0%         N/A       85%         3
 Stone Arrow              Conj/Erth      0%         3d7       85%         3
 Summon Ice Beast         Ice/Summ       0%         N/A       85%         3
 Teleport Other           Tloc           0%         N/A       85%         3
 Vampiric Draining        Necr           0%         2d6       85%         3
 Brom's Barrelling Bould  Conj/Erth      0%         2d3       99%         4
 Dispel Undead            Necr           0%         3d6       99%         4
 Martyr's Knell           Necr/Summ      0%         N/A       99%         4
 Curse of Agony           Necr           0%         N/A       100%        5
 Summon Forest            Summ/Tloc      0%         N/A       100%        5
 Summon Mana Viper        Hex/Summ       0%         N/A       100%        5
 Death Channel            Necr           0%         N/A       100%        6
 Eringya's Noxious Bog    Alch           0%         4d6       100%        6
 Monstrous Menagerie      Summ           0%         N/A       100%        7
 Summon Hydra             Summ           0%         N/A       100%        7


Dungeon Overview and Level Annotations

Branches:
Dungeon (12/15)            Temple (0/1) D:4            Lair (1/5) D:11
    Orc (1/2) D:10

Altars:
Fedhas
Gozag
Nemelex Xobeh
Ru
Sif Muna
Wu Jian

Shops:
D:3 =*   D:9 :

Annotations:
D:9 2 runed translucent doors, Pokonic1's ghost, novice TrSh
D:10 3 runed translucent doors, Triskal's ghost, novice CoAr
Lair:1 exclusion: oklob plant


Innate Abilities, Weirdness & Mutations

You are a tree.
Your roots penetrate the ground, keeping you stationary.
You cannot be teleported.
You are immune to unholy pain and torment.
Your maximum health is greatly increased.
Your equipment is partially melded.
((You have a pair of horns on your head.))
((You reflexively headbutt those who attack you in melee.))


Message History

You turn to wood and can move again.
Unknown command.
You feel better.
The cane toad stings you but does no damage.
The cane toad stings you.
* * * LOW HITPOINT WARNING * * *
You are poisoned.
The cane toad poisons you! The catoblepas gores you!
* * * LOW HITPOINT WARNING * * *
Unknown command.
As you read the scroll of fear, it crumbles to dust.
You assume a fearsome visage.
The cane toad looks frightened!
The catoblepas looks frightened!
* * * LOW HITPOINT WARNING * * *
You feel very sick.
Unknown command.
Unknown command.
Okay, then.
Okay, then.
Aiming: Charm
Press: ? - help, Shift-Dir - straight line, f - cane toad
Aim: a cane toad (fleeing, chance to affect: 49%)
Your attack snaps the cane toad out of its fear.
The cane toad resists with some effort.
* * * LOW HITPOINT WARNING * * *
You feel very sick.
Unknown command.
Hit: Q) +3 whip (protect)
Press: ? - help, Dir - move target, f/p - cane toad
Aim: a cane toad (about 25% to evade your +3 whip of protection)
Okay, then.
Unknown command.
Aiming: Charm
Press: ? - help, Shift-Dir - straight line, f/p - cane toad
Aim: a cane toad (chance to affect: 49%)
The cane toad resists with some effort.
* * * LOW HITPOINT WARNING * * *
You feel very sick. The cane toad stings you.
You die...

...........###.# #..
#...........# ###
#... #...........#
.... ............#
.... ............##
# ....
...........#.#.#
...........#........
....................
.......♣....^.......
.......F............
....................
....Y/..............
..##................
. P...........#..
...............
.....###.....#.
....Y ......


You could see a catoblepas (fleeing) and a cane toad.

Vanquished Creatures
  Harold (Orc:1)
  A two-headed ogre (D:8)
  Nergalle (Orc:1)
  An ugly thing (D:12)
  A cyclops (D:11)
  3 gargoyles
  A cane toad (Lair:1)
  An efreet (D:11)
  A komodo dragon (D:10)
  3 trolls
  A slime creature (D:12)
  A shadow (D:9)
  A wraith (D:10)
  3 wyverns
  14 yaks
  A human (D:10)
  A steam dragon (D:7)
  A warg (Orc:1)
  Menkaure (D:7)
  7 vampire mosquitoes
  A water moccasin (D:10)
  4 orc warriors
  A sky beast (D:8)
  2 ogres
  10 centaurs
  A phantom (D:5)
  2 kobold brigands
  2 gnoll sergeants
  4 scorpions
  4 bullfrogs
  4 killer bees (D:9)
  8 howler monkeys
  3 hounds
  6 orc priests
  A jelly (D:6)
  2 iguanas
  3 sleepcaps
  8 orc wizards
  7 adders
  16 gnolls
  A shadow imp (D:7)
  2 white imps
  4 ufetubi
  A ribbon worm (D:3)
  2 dart slugs
  26 orcs
  11 ball pythons
  8 endoplasms
  A giant cockroach (D:3)
  6 goblins
  8 hobgoblins
  4 jackals (D:2)
  5 quokkas
  8 bats
  4 frilled lizards
  10 kobolds
  4 rats
239 creatures vanquished.

Notes
Turn   | Place    | Note
-------+----------+-------------------------------------------
     0 | D:1      | dialectric the Minotaur Fighter began the quest for the
                  | Orb.
     0 | D:1      | Reached XP level 1. HP: 19/19 MP: 0/0
   288 | D:1      | Reached XP level 2. HP: 27/27 MP: 1/1
   926 | D:1      | Reached XP level 3. HP: 30/33 MP: 2/2
   939 | D:1      | Reached skill level 3 in Maces & Flails
  1015 | D:2      | Reached XP level 4. HP: 35/41 MP: 3/3
  1360 | D:2      | Found an ornate altar of the Wu Jian Council.
  1610 | D:3      | Found Mynaiw's Jewellery Emporium.
  1869 | D:3      | Found Xedys's General Store.
  1876 | D:3      | Bought a scroll of fear for 44 gold pieces
  1876 | D:3      | Bought a +1 pair of boots for 126 gold pieces
  1966 | D:3      | Identified the +2 leather armour of the Histrionic God
                  | {Dex+3}
  2430 | D:4      | Found a staircase to the Ecumenical Temple.
  2478 | D:4      | Reached XP level 5. HP: 11/47 MP: 4/4
  2782 | D:3      | Reached skill level 1 in Dodging
  2883 | D:3      | Reached skill level 4 in Maces & Flails
  3057 | D:3      | Reached skill level 5 in Fighting
  3142 | D:4      | Reached skill level 5 in Armour
  3142 | D:4      | Reached XP level 6. HP: 29/56 MP: 5/5
  3505 | D:5      | Entered Level 5 of the Dungeon
  3583 | D:5      | Identified the ring of Res Nullius {Will+ Int-5 Dex+8 SInv
                  | Stlth-}
  4001 | D:5      | Reached XP level 7. HP: 49/61 MP: 6/6
  4540 | D:6      | Reached skill level 5 in Maces & Flails
  4756 | D:6      | Found a sacrificial altar of Ru.
  4759 | D:6      | Found an opulent altar of Gozag.
  4778 | D:6      | Found a shimmering blue altar of Sif Muna.
  4781 | D:6      | Found a sparkling altar of Nemelex Xobeh.
  4839 | D:6      | Reached skill level 5 in Shields
  5099 | D:7      | Reached XP level 8. HP: 56/70 MP: 7/7
  5111 | D:7      | Reached skill level 6 in Maces & Flails
  5318 | D:7      | Reached skill level 5 in Dodging
  5334 | D:7      | Identified the +1 robe of Qicuvig {rC+}
  5361 | D:7      | Noticed Menkaure
  5370 | D:7      | Killed Menkaure
  5371 | D:7      | Reached skill level 7 in Maces & Flails
  6255 | D:8      | Reached skill level 8 in Maces & Flails
  6376 | D:8      | Found an ornate altar of the Wu Jian Council.
  6485 | D:8      | Noticed a two-headed ogre
  6496 | D:8      | Killed a two-headed ogre
  6497 | D:8      | Reached XP level 9. HP: 67/80 MP: 8/8
  6982 | D:9      | Identified the +8 plate armour "Nateg" {Will+}
  7093 | D:9      | Reached skill level 9 in Maces & Flails
  7196 | D:9      | Found Maipt's Book Emporium.
  7212 | D:9      | Identified the flux talisman "Sumacla" {rElec rCorr Dex-5
                  | Stlth-}
  7313 | D:10     | Entered Level 10 of the Dungeon
  7458 | D:10     | Found a runed translucent gate.
  7458 | D:10     | Found a runed translucent gate.
  7458 | D:10     | Found a runed translucent gate.
  7458 | D:10     | Noticed Triskal's ghost (novice CoAr)
  7467 | D:10     | Found a staircase to the Orcish Mines.
  7486 | D:10     | Reached skill level 10 in Maces & Flails
  7633 | D:10     | Reached XP level 10. HP: 58/90 MP: 9/9
  7743 | D:10     | Reached skill level 11 in Maces & Flails
  7796 | D:10     | Noticed a gargoyle
  7808 | D:10     | Killed a gargoyle
  8256 | D:11     | Noticed a gargoyle
  8257 | D:11     | Noticed a cyclops
  8325 | Orc:1    | Entered Level 1 of the Orcish Mines
  8325 | Orc:1    | Noticed Maurice
  8331 | Orc:1    | Maurice changed into Maurice the human
  8331 | Orc:1    | Noticed Maurice
  8354 | D:10     | Killed Maurice the human
  8502 | Orc:1    | Reached skill level 12 in Maces & Flails
  8521 | Orc:1    | Noticed Nergalle
  8534 | Orc:1    | Killed Nergalle
  8535 | Orc:1    | Reached skill level 10 in Fighting
  8535 | Orc:1    | Reached skill level 10 in Armour
  8561 | Orc:1    | Noticed Harold
  8583 | Orc:1    | Killed Harold
  8815 | D:9      | Reached XP level 11. HP: 100/100 MP: 10/10
  9009 | D:9      | Found a blossoming altar of Fedhas.
  9040 | D:9      | Found a large runed translucent door.
  9042 | D:9      | Found a large runed translucent door.
  9044 | D:9      | Noticed Pokonic1's ghost (novice TrSh)
  9320 | D:11     | Found a staircase to the Lair.
  9330 | D:10     | Reached skill level 13 in Maces & Flails
 10367 | D:11     | Reached skill level 14 in Maces & Flails
 10584 | D:12     | Noticed a green ugly thing
 10601 | D:12     | Killed a green ugly thing
 10740 | Lair:1   | Entered Level 1 of the Lair of Beasts
 10740 | Lair:1   | Noticed an oklob plant
 10839 | Lair:1   | Noticed a catoblepas
 10872 | Lair:1   | HP: 7/153 [poisoned by a cane toad]
 10873 | Lair:1   | Slain by a cane toad

Illustrated notes

Levels and vault maps discovered:
D:1:      eino_arrival_druids_welcome, layout_basic, minmay_heptomino_o4
D:2:      layout_rooms, basic_altar, minmay_misc_feat_x
D:3:      layout_basic, serial_shops, nicolae_shop_tiny_waterfront, shop
D:4:      layout_gridville, minmay_temple_entry_trees, nicolae_grassy_gnolls
D:5:      layout_basic, saegor_snake_ambush
D:6:      layout_cave_pools, grunt_temple_overflow_cloverleaf
D:7:      layout_basic, uniq_menkaure
D:8:      layout_basic, nzn_wu_jian_contemplation, nicolae_the_louvre
D:9:      layout_stronghold, fedhas_altar_fruit_tree, serial_shops, shop,
          ebering_ghost_disaster_area
D:10:     layout_loops_ring, david_orc_2, ebering_ghost_rock_garden
D:11:     layout_grid_maze, minmay_lair_entry_grove
D:12:     layout_basic, st_stairs_14
Lair:1:   layout_hall_layers, grunt_megastairs_5
Orc:1:    layout_caves, basic_altar, uniq_harold, uniq_maurice, uniq_nergalle

Skill      XL: |  1  2  3  4  5  6  7  8  9 10 11 |
---------------+----------------------------------+-----
Shields        | 4 5 |  5.0
Armour         | 4 5 6 7 8 10 11 | 11.3
Fighting       | 4 5 6 7 8 10 11 | 11.3
Maces & Flails | 3 4 5 8 10 12 14 | 14.4
Dodging        | 2 3 4 6 7 |  7.2

Action                     |  1- 3 |  4- 6 |  7- 9 | 10-12 || total
---------------------------+-------+-------+-------+-------++-------
  Melee: Flail             |    65 |   175 |    64 |       ||   304
         Headbutt          |     7 |    30 |    48 |    89 ||   174
         Whip              |       |       |   205 |   416 ||   621
  Throw: Dart              |       |       |     3 |     3 ||     6
  Evoke: Wand              |       |       |       |     7 ||     7
    Use: Potion            |       |     4 |     2 |     6 ||    12
         Scroll            |       |     2 |     9 |    10 ||    21
   Stab: Sleeping          |       |       |     4 |     1 ||     5
         Petrifying        |       |       |       |     1 ||     1
 Armour: Scale mail        |    75 |    45 |       |       ||   120
         Leather armour    |       |   133 |   139 |   202 ||   474
         Skin              |       |     6 |       |    46 ||    52
  Dodge: Dodged            |    37 |   139 |   209 |   220 ||   605
         Repelled          |       |       |       |     9 ||     9

Table legend: (Time is in decaauts)
 A = Elapsed time spent in this place.
 B = Non-inter-level travel time spent in this place.
 C = Inter-level travel time spent in this place.
 D = Time resting spent in this place.
 E = Time spent auto-exploring this place.
 F = Levels seen in this place.
 G = Mean time per level.
                   A        B        C        D        E       F      G
               +--------+--------+--------+--------+--------+-----+--------+
         Total |  10706 |  10194 |    512 |    379 |   7822 |  14 |  764.7 |
       Dungeon |  10244 |   9757 |    487 |    379 |   7543 |  12 |  853.7 |
          Lair |    123 |    123 |      0 |      0 |     52 |   1 |  123.0 |
  Orcish Mines |    337 |    313 |     24 |      0 |    227 |   1 |  337.0 |
               +--------+--------+--------+--------+--------+-----+--------+

Top non-repeatable levels by time:
     D:3: 1150 daAuts
    D:11: 1134 daAuts
    D:10: 1106 daAuts
     D:7: 1091 daAuts
     D:5: 1046 daAuts
     D:1: 1002 daAuts
     D:9: 932 daAuts
     D:4: 805 daAuts
     D:8: 735 daAuts
     D:2: 594 daAuts
     D:6: 517 daAuts
   Orc:1: 337 daAuts
    D:12: 129 daAuts
  Lair:1: 123 daAuts
